 Dungeon Sprint DCSS version 0.17-a0-1637-g5d65775 (webtiles) character file.

156 nuthulu the Cudgeler (level 5, 0/57 HPs)
             Began as a Troll Berserker on Aug 7, 2015.
             Was a Priest of Trog.
             Slain by a deep elf priest
             ... wielding a +1 long sword of holy wrath
              (9 damage)
             ... in the Dungeon (Sprint III: "The Ten Rune Challenge").
             The game lasted 00:01:39 (221 turns).

nuthulu the Cudgeler (Troll Berserker)               Turns: 221, Time: 00:01:39

Health: 0/57       AC:  5    Str: 25    XL:     5   Next: 14%
Magic:  4/4        EV: 11    Int:  3    God:    Trog [***...]
Gold:   20         SH:  0    Dex: 10    Spells: 0 memorised, 4 levels left

rFire  . . .     SeeInvis .     a - +0 mace
rCold  . . .     Clarity  .     b - +0 animal skin
rNeg   . . .     SustAt   .     (no shield)
rPois  .         Gourm    +     (helmet restricted)
rElec  .         Spirit   .     (no cloak)
rCorr  .         Warding  .     (gloves unavailable)
rMut   .         NoTele   +     (boots unavailable)
MR     .....                    (no amulet)
Stlth  ++........               (no ring)
                                (no ring)

@: exhausted, flying, slowed, very slow, not resistant to hostile enchantments,
unstealthy
A: unfitting armour, claws 3, hooves 1, thin skeletal structure 1, blink 1,
clumsy 1, fast metabolism 3, gourmand, high mp 1, regeneration 2, shaggy fur 1,
tough skin 2, evolution 1
a: Blink, Burn Spellbooks, Berserk, Trog's Hand, Renounce Religion


You were in the Dungeon.
You worshipped Trog.
Trog was most pleased with you.
You were not hungry.

You visited 1 branch You collected 20 gold pieces.

Inventory:

Hand weapons
 a - a +0 mace (weapon)
Armour
 b - a +0 animal skin (worn)
Scrolls
 i - a scroll of blinking
 j - a scroll of torment {unknown}
 k - a scroll of identify
 l - a scroll of random uselessness {unknown}
 p - a scroll of holy word {unknown}
 q - 2 scrolls of remove curse
Potions
 d - 2 potions of curing
 g - 2 potions of magic
 h - a potion of berserk rage
 n - 4 potions of cure mutation
 o - 2 potions of flight
Comestibles
 c - 3 bread rations
 m - a fruit


   Skills:
 + Level 5.5 Fighting
 + Level 6.1 Maces & Flails
 + Level 5.6 Dodging


You had 4 spell levels left.
You didn't know any spells.

Dungeon Overview and Level Annotations

Branches:
Dungeon (1/1)

Altars:
Elyvilon
Zin
The Shining One


Innate Abilities, Weirdness & Mutations

You are too large for most types of armour.
You have claws for hands.
Your metabolism is lightning-fast.
You like to eat raw meat.
You heal very quickly.
You are covered in fur (AC +1).
You have very tough skin (AC +2).
You have large cloven feet.
You have a somewhat thin skeletal structure (Dex +2, Stealth).
You can translocate small distances at will.
You are clumsy. (Dex -2)
You have an increased reservoir of magic (+10% MP).
You evolve.


Message History

The deep elf priest is severely wounded.
The deep elf priest barely misses you.
The deep elf priest calls down the wrath of its god upon you.
You barely resist. You barely miss the deep elf priest.
The deep elf priest is severely wounded.
The deep elf priest hits you with a long sword of holy wrath.
* * * LOW HITPOINT WARNING * * *
You miss the deep elf priest.
The deep elf priest is severely wounded.
The deep elf priest hits you but does no damage.
The deep elf priest hits you with a long sword of holy wrath!
* * * LOW HITPOINT WARNING * * *
You closely miss the deep elf priest. Your kick misses the deep elf priest.
The deep elf priest is severely wounded.
The deep elf priest misses you.
You miss the deep elf priest.
The deep elf priest is severely wounded.
The deep elf priest hits you with a long sword of holy wrath!
You die...

▓▓▓▓▓ ▓▓▓ #(..####
##.#####
#......#####..#___#
#.......#..#..#e@.#
##.##...#..#..###'#+###+
##.###..##'#..#..........
###.##..###...+.⌠........
#..##..####...#...######+
...##).###....#.⌠.#
..##...##.....#...#
.##....#......#+###
###..##.#.....#


You could see a deep elf priest.

Vanquished Creatures
  A water elemental (D)
  A scorpion (D)
  Jessica (D)
  A human (D)
  2 oozes (D)
  A rat (D)
7 creatures vanquished.

Vanquished Creatures (others)
  A draconian scorcher (D)
  A yaktaur (D)
2 creatures vanquished.

Grand Total: 9 creatures vanquished

Notes
Turn   | Place    | Note
--------------------------------------------------------------
     0 | D        | nuthulu the Troll Berserker began the quest for the Orb.
     0 | D        | Reached XP level 1. HP: 22/22 MP: 0/0
    12 | D        | Reached skill level 3 in Maces & Flails
    16 | D        | Acquired Trog's second power
    16 | D        | Reached XP level 2. HP: 22/31 MP: 1/1
    44 | D        | Noticed Jessica
    52 | D        | Killed Jessica
    52 | D        | Reached skill level 4 in Maces & Flails
    52 | D        | Reached XP level 3. HP: 20/39 MP: 2/2
    88 | D        | Killed a yaktaur
    91 | D        | Noticed a scorpion
    99 | D        | Killed a scorpion
    99 | D        | Reached skill level 5 in Maces & Flails
    99 | D        | Reached XP level 4. HP: 40/49 MP: 3/3
   113 | D        | Reached skill level 5 in Dodging
   143 | D        | Gained mutation: You have large cloven feet. [potion of mutation]
   143 | D        | Gained mutation: You have an increased reservoir of magic (+10% MP). [potion of mutation]
   143 | D        | Gained mutation: You are clumsy. (Dex -2) [potion of mutation]
   144 | D        | Gained mutation: You have a somewhat thin skeletal structure (Dex +2, Stealth). [potion of mutation]
   144 | D        | Gained mutation: You can translocate small distances at will. [potion of mutation]
   144 | D        | Gained mutation: You evolve. [potion of mutation]
   150 | D        | Noticed a water elemental
   156 | D        | Killed a water elemental
   156 | D        | Reached skill level 5 in Fighting
   156 | D        | Reached skill level 6 in Maces & Flails
   156 | D        | Reached XP level 5. HP: 46/57 MP: 4/4
   191 | D        | Killed a white draconian scorcher
   196 | D        | Found a glowing silver altar of Zin.
   198 | D        | Found a glowing golden altar of the Shining One.
   198 | D        | Found a white marble altar of Elyvilon.
   198 | D        | Noticed a deep elf priest
   221 | D        | Slain by a deep elf priest

Vault maps used:
D:        dungeon_sprint_mu

Action                   |  1- 3 |  4- 6 || total
-------------------------+-------+-------++-------
Melee: Mace              |    14 |    37 ||    51
Invok: Berserk           |       |     2 ||     2
  Use: Potion            |     1 |     5 ||     6
       Scroll            |       |     1 ||     1
  Eat: Chunk             |     3 |     1 ||     4
